Map: King's Cove LE

Players

ZipperTheFly

  • Race: Terran Terran
  • Spawn Location: 11:00

SaLemandr - Winner!

  • Race: Terran Terran
  • Spawn Location: 5:00

Event: 2019 WCS Summer

VOD

Have the link to the VOD?

Description

Time

  • Played on: July 12, 2019, 8:54 a.m.
  • Length: 13:50

All games in this series

Show
View Real Time Build Order
Export as new Build Order

ZipperTheFly Terran 

Build Orders: Liberator Opening 

Get SALT Encoding   

  12  0:00  SCV  
  13  0:12  SCV  
  14  0:18  Supply Depot  
  14  0:25  SCV  
  15  0:29  Refinery  
  15  0:39  SCV  
  16  0:45  Barracks  
  16  0:51  SCV  
  17  0:58  Refinery  
  17  1:04  SCV  
  18  1:16  SCV  
  19  1:32  Reaper  
  19  1:33  Orbital Command  
  19  1:37  Factory  
  20  1:51  Supply Depot  
  20  1:59  SCV  
  21  2:05  Reaper  
  22  2:11  SCV  
  23  2:21  Hellion  
  25  2:23  SCV  
  26  2:30  Command Center  
  26  2:35  SCV  
  28  2:37  Reaper  
  28  2:42  Hellion  
  30  2:46  Supply Depot  
  30  2:48  SCV  
  31  2:57  Starport  
  31  3:07  SCV, Hellion  
  31  3:10  Barracks Tech Lab  
  34  3:17  Liberator  
  34  3:19  SCV  
  35  3:25  Refinery  
  35  3:31  SCV  
  39  3:41  Barracks Reactor  
  39  3:42  Cyclone  
  39  3:43  Orbital Command  
  39  3:47  SCV  
  43  4:01  SCV  
  44  4:07  Command Center  
  44  4:11  SCV  
  44  4:13  SCV  
  46  4:18  Marine  
  46  4:19  Marine  
  46  4:23  SCV  
  49  4:25  SCV  
  49  4:26  Raven  
  52  4:32  Factory Tech Lab  
  52  4:35  SCV  
  52  4:38  SCV, Supply Depot  
  54  4:45  Refinery  
  54  4:54  Supply Depot  
  54  4:59  Marine x2  
  54  5:00  Siege Tank, SCV x2  
  54  5:01  Supply Depot  
  61  5:12  SCV  
  62  5:15  Raven, SCV  
  62  5:17  Marine x2  
  67  5:24  Supply Depot  
  67  5:25  SCV  
  67  5:28  SCV  
  69  5:33  Orbital Command  
  69  5:35  Marine  
  66  5:37  Siege Tank, Marine, SCV  
  66  5:40  SCV  
  73  5:49  Engineering Bay  
  73  5:51  SCV  
  73  5:52  Engineering Bay  
  74  5:59  Orbital Command  
  74  6:00  SCV  
  75  6:05  SCV  
  75  6:08  Stimpack  
  75  6:09  Siege Tank  
  75  6:10  Viking x2  
  83  6:11  Marine  
  83  6:13  SCV  
  83  6:17  SCV  
  84  6:24  Terran Infantry Weapons Level 1, Terran Infantry Armor Level 1  
  84  6:25  SCV  
  85  6:27  Barracks  
  85  6:29  Barracks, SCV  
  85  6:30  SCV  
  87  6:35  Marine  
  87  6:37  SCV  
  89  6:41  Viking, Supply Depot  
  89  6:43  Viking  
  89  6:46  Siege Tank  
  96  6:48  SCV x2  
  96  6:50  SCV  
  98  6:54  Supply Depot  
  98  6:57  Refinery  
  98  7:00  Refinery, SCV  
  98  7:01  Marine, SCV  
  100  7:02  SCV  
  102  7:15  SCV  
  102  7:16  Viking x2, SCV  
  102  7:17  Barracks Reactor x2  
  102  7:19  Barracks  
  108  7:26  Barracks  
  108  7:27  SCV  
  108  7:28  SCV  
  110  7:30  Armory  
  110  7:31  Marine  
  110  7:33  Siege Tank  
  114  7:38  SCV  
  114  7:39  SCV, Supply Depot  
  114  7:42  Supply Depot  
  116  7:49  SCV  
  117  7:57  SCV  
  117  8:01  Viking, Marine x5, SCV  
  117  8:03  Viking, SCV  
  131  8:05  Siege Tank  
  131  8:07  Barracks Reactor  
  131  8:09  SCV  
  132  8:13  SCV, Supply Depot  
  132  8:14  Supply Depot  
  132  8:15  Barracks Reactor  
  132  8:19  Supply Depot  
  133  8:21  Terran Infantry Weapons Level 2, Terran Infantry Armor Level 2  
  133  8:24  Terran Vehicle Weapons Level 1  
  133  8:33  Marine x2  
  133  8:34  Marine x3, SCV x2  
  133  8:38  Medivac x2  
  133  8:39  Siege Tank  
  133  8:40  SCV  
  143  8:46  SCV  
  144  8:49  Marine x2  
  144  8:51  Marine x4  
  144  8:52  Marine x3  
  144  8:53  Command Center  
  152  9:00  Supply Depot x2  
  152  9:03  Supply Depot  
  128  9:12  Marine x6  
  128  9:13  Siege Tank, Marine x2  
  128  9:14  Marine  
  125  9:21  Medivac x2  
  126  9:30  Marine x2  
  126  9:35  Marine  
  126  9:38  Marine x6  
  122  9:45  Siege Tank  
  129  9:47  Marine, Command Center  
  129  9:48  Marine  
  125  9:52  Marine  
  125  9:54  Medivac  
  125  9:55  Medivac  
  125  9:56  Marine x6  
  133  10:05  Marine x2  
  135  10:10  Marine, Supply Depot x2  
  135  10:13  Marine  
  135  10:14  Marine x4  
  137  10:17  Siege Tank  
  145  10:23  Marine x2  
  145  10:27  Factory  
  145  10:28  Marine  
  141  10:30  SCV  
  141  10:31  Marine  
  141  10:32  Marine x4, Factory  
  148  10:39  Marine  
  148  10:40  Terran Infantry Weapons Level 3, Terran Infantry Armor Level 3  
  148  10:41  Marine x2  
  151  10:46  Marine  
  151  10:48  Sensor Tower  
  151  10:49  Marine x4, Widow Mine  
  155  10:52  Terran Vehicle Weapons Level 2  
  155  10:53  Starport x2  
  155  10:54  Fusion Core  
  122  11:10  Marine x9  
  122  11:11  Widow Mine  
  109  11:12  SCV x3  
  104  11:26  SCV x2  
  104  11:28  Marine x4  
  104  11:30  Marine  
  104  11:31  Marine  
  104  11:32  Siege Tank  
  115  11:35  Marine x2  
  117  11:40  Marine  
  117  11:41  Planetary Fortress  
  118  11:48  SCV x3  
  121  11:55  Marine x2  
  121  11:59  Marine  
  121  12:00  Marine x5, SCV  
  131  12:04  Siege Tank  
  131  12:08  SCV x2  
  135  12:13  Marine  
  135  12:15  Barracks Reactor  
  129  12:21  Marine  
  118  12:25  Marine  
  118  12:26  Marine x5  
  113  12:31  Marine  
  113  12:36  Viking x2  
  110  12:38  SCV x4  
  110  12:39  Marine  
  110  12:43  Marine  
  110  12:44  Marine x5  
  116  12:49  Starport Tech Lab, Marine, Starport Reactor  
  122  12:51  Marine x2  
  122  12:52  Siege Tank  
  122  12:54  Siege Tank  
  122  12:57  Marine  
  131  13:00  Marine  
  131  13:02  Marine x5  
  137  13:06  Marine  
  137  13:09  Marine x2  
  137  13:10  Medivac x2  
  144  13:14  Marine  
  144  13:18  Marine  
  144  13:19  Marine x2, SCV  
  150  13:20  Marine x2  
  150  13:24  Marine  
  150  13:27  Marine x2  
  152  13:39  Refinery  
  157  13:41  Barracks Tech Lab  
Show
View Real Time Build Order
Export as new Build Order

SaLemandr Terran - Winner!

Build Orders: Gas First Reaper Expand 

Get SALT Encoding   

  12  0:01  SCV  
  13  0:13  SCV  
  14  0:17  Supply Depot  
  14  0:25  SCV  
  15  0:28  Refinery  
  15  0:39  SCV  
  16  0:45  Barracks  
  16  0:51  SCV  
  17  1:03  SCV  
  18  1:15  SCV  
  19  1:32  Orbital Command, Reaper  
  20  1:51  Command Center  
  20  2:01  Factory  
  20  2:02  SCV  
  20  2:07  Reaper  
  22  2:12  Supply Depot  
  22  2:17  SCV  
  23  2:27  Refinery  
  23  2:34  SCV  
  24  2:40  Barracks Reactor  
  24  2:46  Factory Tech Lab, Bunker, SCV  
  26  2:58  SCV  
  26  3:04  Orbital Command  
  26  3:05  Cyclone  
  29  3:10  SCV  
  30  3:18  Marine x2  
  30  3:22  SCV  
  30  3:24  Starport  
  31  3:30  SCV  
  32  3:34  SCV  
  32  3:36  Marine x2  
  35  3:42  SCV  
  36  3:51  Command Center  
  36  3:53  SCV  
  37  3:58  SCV  
  37  3:59  Marine  
  37  4:01  Starport Tech Lab  
  39  4:05  SCV  
  39  4:09  Supply Depot  
  40  4:10  SCV  
  40  4:13  Siege Tank  
  44  4:17  SCV  
  44  4:23  SCV  
  46  4:29  SCV  
  46  4:33  Barracks, Raven  
  46  4:35  Barracks, Marine, SCV  
  46  4:36  Marine  
  51  4:41  SCV  
  52  4:45  Supply Depot  
  52  4:47  Supply Depot  
  52  4:49  SCV  
  53  4:54  Marine  
  53  4:59  Engineering Bay  
  54  5:02  Engineering Bay  
  54  5:03  Marine  
  54  5:04  Refinery  
  55  5:08  Orbital Command  
  55  5:12  Marine  
  55  5:13  Refinery  
  55  5:19  SCV  
  55  5:21  Marine  
  56  5:22  SCV  
  57  5:30  Marine  
  57  5:31  SCV  
  57  5:33  SCV  
  57  5:35  SCV  
  61  5:36  Terran Infantry Weapons Level 1  
  61  5:37  Barracks Tech Lab x2, Terran Infantry Armor Level 1  
  61  5:43  Raven, SCV  
  61  5:44  Marine  
  61  5:45  SCV  
  61  5:47  SCV  
  67  5:51  Orbital Command, Supply Depot  
  67  5:54  Supply Depot  
  67  5:56  Stimpack, Marine x2, SCV  
  70  5:59  Marine  
  70  6:02  Combat Shield  
  71  6:04  SCV  
  71  6:10  SCV  
  73  6:16  SCV  
  74  6:20  SCV  
  74  6:22  SCV  
  75  6:26  Marine x4  
  75  6:27  Siege Tank  
  75  6:28  SCV  
  75  6:32  SCV  
  84  6:34  SCV  
  85  6:41  SCV  
  85  6:42  Starport Reactor  
  85  6:44  Marine x4, SCV, Sensor Tower  
  85  6:46  SCV  
  91  6:50  Barracks  
  91  6:51  Barracks  
  91  6:52  Armory  
  91  6:53  SCV  
  92  6:56  SCV  
  92  6:58  SCV  
  92  7:00  Supply Depot  
  94  7:02  Marine x4  
  94  7:05  SCV  
  94  7:08  SCV  
  100  7:10  SCV  
  100  7:11  Supply Depot x2  
  101  7:16  Refinery  
  101  7:17  Refinery  
  101  7:21  Siege Tank, SCV x2, Supply Depot  
  101  7:22  Supply Depot  
  106  7:23  SCV  
  106  7:26  Viking  
  109  7:32  Viking, Marine x3  
  109  7:33  Barracks Reactor, SCV  
  115  7:38  Barracks Reactor  
  115  7:39  Barracks Reactor, Supply Depot  
  115  7:40  Supply Depot  
  115  7:41  Terran Infantry Weapons Level 2  
  115  7:44  SCV  
  115  7:48  Terran Infantry Armor Level 2  
  115  7:50  Marine x3  
  119  7:54  SCV  
  119  7:58  Viking  
  122  8:02  Viking, SCV  
  125  8:05  SCV  
  125  8:08  Marine x3  
  125  8:09  Marine  
  125  8:11  Siege Tank  
  125  8:12  Terran Vehicle Weapons Level 1  
  134  8:17  Marine  
  134  8:18  Marine x3  
  138  8:26  SCV  
  138  8:27  Command Center  
  138  8:29  Barracks Reactor  
  138  8:32  Marine x2  
  138  8:34  SCV  
  141  8:38  Marine  
  141  8:39  Marine x5  
  147  8:48  SCV  
  148  8:50  Marine x2  
  148  8:54  Siege Tank  
  153  8:56  Marine x2  
  153  8:57  Marine x2  
  157  9:04  Marine, Supply Depot, Medivac  
  157  9:05  Supply Depot  
  157  9:06  Supply Depot, Medivac  
  143  9:18  Marine x5  
  143  9:19  Marine x4  
  143  9:21  Marine  
  143  9:23  Barracks  
  153  9:25  Barracks x2  
  153  9:32  SCV  
  153  9:36  Siege Tank, Marine x3, SCV  
  153  9:44  Marine  
  153  9:45  Marine x6, Medivac x2  
  156  9:52  SCV  
  145  9:53  SCV  
  145  9:54  Marine x3  
  149  10:02  Marine  
  149  10:03  Terran Infantry Weapons Level 3, Factory  
  149  10:04  Marine  
  149  10:05  Marine x4  
  155  10:10  Terran Infantry Armor Level 3  
  155  10:13  Barracks Reactor x2  
  155  10:14  Barracks Reactor  
  155  10:17  Marine, SCV  
  155  10:18  Marine  
  155  10:19  Marine  
  155  10:20  SCV  
  160  10:26  Medivac x2  
  163  10:29  Marine x2  
  163  10:30  Marine x3  
  163  10:33  Marine  
  163  10:34  Marine  
  163  10:35  SCV  
  171  10:38  Terran Vehicle Weapons Level 2, Supply Depot  
  171  10:43  Planetary Fortress  
  171  10:44  SCV  
  171  10:49  Marine x6  
  178  10:50  Marine x2  
  180  11:01  Marine  
  180  11:02  Siege Tank, Marine  
  169  11:07  Marine  
  169  11:08  Siege Tank, Marine  
  169  11:09  SCV  
  169  11:10  Marine x2  
  169  11:11  SCV  
  149  11:12  Marine x2  
  149  11:14  Marine, SCV, Medivac  
  149  11:15  Marine x2  
  149  11:16  Marine x3  
  151  11:23  Marine x4  
  152  11:25  Marine x2  
  152  11:28  Marine  
  152  11:31  Command Center  
  155  11:34  Siege Tank  
  155  11:35  Marine x2  
  160  11:40  Siege Tank, Refinery x2  
  160  11:41  Marine  
  160  11:42  Marine x7  
  171  11:48  Marine  
  171  11:49  Marine  
  171  11:50  Marine x4  
  171  11:53  Marine x2  
  179  11:56  Sensor Tower  
  179  11:59  Marine x2  
  181  12:05  Marine x2  
  181  12:06  Siege Tank  
  186  12:13  Siege Tank  
  188  12:15  Marine x2  
  188  12:16  Marine  
  188  12:21  Marine  
  188  12:22  Marine  
  176  12:24  Marine x2  
  176  12:27  Marine  
  176  12:28  Marine  
  175  12:33  Command Center  
  170  12:38  Siege Tank, Marine x8  
  181  12:45  Siege Tank  
  181  12:49  Missile Turret x2  
  181  12:51  Missile Turret  
  184  12:52  Missile Turret  
  184  12:54  Missile Turret x2  
  184  12:55  Missile Turret  
  184  12:56  Missile Turret  
  180  12:59  Marine  
  180  13:00  Marine x10  
  180  13:02  Viking x2  
  195  13:06  Starport  
  195  13:09  Starport  
  195  13:11  Marine x5  
Tags
 
Add a new tag
Caveats
  • Supply blocks, unpowered buildings, or Contaminate may cause inaccurate times.
  • Supply counts are checked every 10 seconds.